 Seeded DCSS version 0.28-a0-863-g8cecda6153 (webtiles) character file.

Game seed: 20212117 (custom seed)

50 a11behringer the Skirmisher (level 3, -5/33 HPs)
             Began as a Hill Orc Fighter on Nov 17, 2021.
             Was a Follower of Dithmenos.
             Slain by Sigmund (8 damage)
             ... on level 2 of the Dungeon.
             The game lasted 00:03:37 (994 turns).

a11behringer the Skirmisher (Hill Orc Fighter)       Turns: 994, Time: 00:03:38

Health: -5/33      AC:  9    Str: 19    XL:     3   Next: 79%
Magic:  3/3        EV:  7    Int:  8    God:    Dithmenos [*.....]
Gold:   42         SH:  4    Dex: 10    Spells: 2/2 levels left

rFire   . . .      SeeInvis .   a - +1 war axe
rCold   . . .      Faith    +   c - +0 buckler
rNeg    . . .      Spirit   .   h - +0 chain mail
rPois   .          Reflect  .   (no helmet)
rElec   .          Harm     .   (no cloak)
rCorr   .          Rampage  .   (no gloves)
Will    +....                   (no boots)
Stlth   ..........              f - amulet of faith
HPRegen 0.11/turn               g - ring of willpower
MPRegen 0.08/turn               (no ring)

@: wreathed by umbra
A: no striking features
a: Renounce Religion


You were on level 2 of the Dungeon.
You worshipped Dithmenos.
Dithmenos was aware of your devotion.
You visited 1 branch of the dungeon, and saw 2 of its levels.

You collected 42 gold pieces.

Inventory:

Hand Weapons
 a - a +1 war axe (weapon)
Armour
 b - a +0 scale mail
 c - a +0 buckler (worn)
 h - a +0 chain mail (worn)
Jewellery
 f - an amulet of faith (around neck)
 g - a ring of willpower (left hand)
Potions
 d - a potion of might
 e - a potion of berserk rage {unknown}
 j - a potion of attraction


   Skills:
 + Level 4.1 Fighting
 * Level 4.1 Axes
 + Level 3.7 Armour
 + Level 3.5 Shields


You had 2 spell levels left.
You didn't know any spells.
Your spell library was empty.

Dungeon Overview and Level Annotations

Branches:
Dungeon (2/15)

Altars:
Dithmenos

Annotations:
D:2 Sigmund


Message History

You kill the hobgoblin!
Dithmenos accepts your kill. Something hits you but does no damage.
Your Fighting skill increases to level 4!
You have reached level 3!
Your experience leads to an increase in your attributes!
Increase (S)trength, (I)ntelligence, or (D)exterity?
You feel stronger. Something hits you.
Things that are here:
a hobgoblin corpse; a worm corpse Something hits you.
You closely miss something. You closely miss something.
Something hits you but does no damage.
You closely miss something. You hit the endoplasm.
The endoplasm is heavily wounded.
You hit something. Something hits you! You block the endoplasm's attack.
The endoplasm closely misses you.
You hit the endoplasm.
You kill the endoplasm!
Dithmenos accepts your kill.
You closely miss something. Something hits you!
* * * LOW HITPOINT WARNING * * *
You block something's attack.
You slash Terence!
Terence is heavily wounded.
Terence barely misses you. You block Terence's attack.
You closely miss Terence.
Terence is heavily wounded.
Terence hits you but does no damage.
You slash Terence!
You kill Terence!
Dithmenos accepts your kill.
Your Axes skill increases to level 4!
Something hits you.
* * * LOW HITPOINT WARNING * * *
There is a stone staircase leading up here.
Something hits you!
You die...

.........############.#
.......>.# #.# .........# #.#
.........## #.#######
..........###########........
.........#...........########
.........#.................#
.........#(...†.......####.#
##########......@.....#
#............# ##
#............#...
######.#.#+#..... #.#†#†..#.#
#.)...#.#.# #####.#@# #
#......{... #>#...#..#.


There were no monsters in sight!

Vanquished Creatures
  Terence (D:2)
  A worm (D:2)
  3 endoplasms
  2 goblins (D:1)
  3 hobgoblins
  3 quokkas (D:1)
  A ball python (D:1)
  A bat (D:2)
  4 kobolds
  3 rats
  A spectral goblin (D:1)
23 creatures vanquished.

Notes
Turn   | Place    | Note
-------+----------+-------------------------------------------
     0 | D:1      | a11behringer the Hill Orc Fighter began the quest for the
                  | Orb.
     0 | D:1      | Reached XP level 1. HP: 19/19 MP: 1/1
   172 | D:1      | Found a faded altar of an unknown god.
   181 | D:1      | Prayed at the altar of an unknown god.
   181 | D:1      | Became a worshipper of Dithmenos the Shadowed
   181 | D:1      | Reached * piety under Dithmenos
   460 | D:1      | Reached XP level 2. HP: 27/27 MP: 2/2
   967 | D:2      | Noticed Sigmund
   970 | D:2      | Noticed Terence
   978 | D:2      | Reached XP level 3. HP: 29/33 MP: 3/3
   989 | D:2      | Killed Terence
   994 | D:2      | Slain by Sigmund

Illustrated notes

Levels and vault maps discovered:
D:1:      saegor_arrival_simple_d, layout_loops_ring,
          dreamdust_ecumenical_altar_drowned_temple
D:2:      cheibrodos_pilgrimage, layout_basic, basic_altar, minmay_tromino_v4_a,
          uniq_sigmund, uniq_terence

Skill      XL: |  1  2  3 |
---------------+----------+-----
Axes           | 3 4 |  4.1
Fighting       | 4 |  4.1
Armour         | |  3.7
Shields        | |  3.5

Action                   || total
-------------------------++-------
Melee: War axe           ||    63
  Use: Scroll            ||     2
Armor: Scale mail        ||     4
       Chain mail        ||    25
Dodge: Dodged            ||    29
Block: Buckler           ||     8

Table legend: (Time is in decaauts)
 A = Elapsed time spent in this place.
 B = Non-inter-level travel time spent in this place.
 C = Inter-level travel time spent in this place.
 D = Time resting spent in this place.
 E = Time spent auto-exploring this place.
 F = Levels seen in this place.
 G = Mean time per level.
                   A        B        C        D        E       F      G
               +--------+--------+--------+--------+--------+-----+--------+
         Total |   1018 |    918 |    100 |      0 |    728 |   2 |  509.0 |
       Dungeon |   1018 |    918 |    100 |      0 |    728 |   2 |  509.0 |
               +--------+--------+--------+--------+--------+-----+--------+

Top non-repeatable levels by time:
     D:1: 877 daAuts
     D:2: 141 daAuts
